 Dungeon Crawl Stone Soup version 0.18.1-48-g4cf74bf (webtiles) character file.

30 dvd the Firebug (level 3, 0/19 HPs)
             Began as a Deep Elf Fire Elementalist on Aug 30, 2016.
             Slain by a hobgoblin
             ... wielding a +0 club
              (4 damage)
             ... on level 1 of the Dungeon.
             The game lasted 00:03:08 (970 turns).

dvd the Firebug (Deep Elf Fire Elementalist)         Turns: 970, Time: 00:03:10

Health: 0/19       AC:  2    Str:  5    XL:     3   Next: 3%
Magic:  3/9        EV: 13    Int: 20    God:
Gold:   27         SH:  0    Dex: 15    Spells: 2 memorised, 5 levels left

rFire  . . .     SeeInvis .     a - +0 dagger (freeze)
rCold  . . .     Gourm    .     e - +0 robe
rNeg   . . .     Faith    .     (no shield)
rPois  .         Spirit   .     (no helmet)
rElec  .         Dismiss  .     (no cloak)
rCorr  .         Reflect  .     (no gloves)
SustAt .         Harm     .     (no boots)
MR     .....                    (no amulet)
Stlth  ++........               (no ring)
                                (no ring)

@: not resistant to hostile enchantments, unstealthy
A: no striking features
a: no special abilities


You were on level 1 of the Dungeon.
You were not hungry.

You visited 1 branch of the dungeon, and saw 2 of its levels.

You collected 27 gold pieces.

Inventory:

Hand Weapons
 a - a +0 dagger of freezing (weapon)
Armour
 e - a +0 robe (worn)
Scrolls
 f - a scroll of immolation {unknown}
 g - a scroll of noise {unknown}
 i - 2 scrolls of identify {unknown}
 m - a scroll of remove curse {unknown}
Potions
 h - a potion of lignification {unknown}
 j - a potion of curing {unknown}
 l - 2 potions of berserk rage {unknown}
Books
 b - a book of Flames

   Spells                             Type                      Level
   a - Flame Tongue                   Conjuration/Fire             1
   b - Throw Flame                    Conjuration/Fire             2
   c - Conjure Flame                  Conjuration/Fire             3
   d - Inner Flame                    Hexes/Fire                   3
   e - Sticky Flame                   Conjuration/Fire             4
   f - Fireball                       Conjuration/Fire             5
Comestibles
 c - 2 bread rations
 d - 3 chunks of flesh
 k - a fruit


   Skills:
 + Level 2.5 Dodging
 + Level 2.7 Stealth
 + Level 3.1 Spellcasting
 + Level 1.2 Conjurations
 * Level 4.3 Fire Magic


You had 5 spell levels left.
You knew the following spells:

 Your Spells              Type           Power        Failure   Level  Hunger
a - Flame Tongue          Conj/Fire      ##...        4%          1    None
b - Throw Flame           Conj/Fire      ##....       10%         2    ##.....


Dungeon Overview and Level Annotations

Branches:
Dungeon (2/15)

Altars:


Message History

The flame tongue hits the goblin.
You kill the goblin!
Some of the chunks of flesh in your inventory have rotted away.
Casting: Flame Tongue
Confirm with . or Enter, or press ? or * to list all spells.
Aiming: Flame Tongue
Press: ? - help, Shift-Dir - straight line, f - hobgoblin
Aim: a hobgoblin, wielding a club The flame tongue hits the hobgoblin.
The hobgoblin is severely wounded.
Your magical contamination has completely faded away.
Casting: Flame Tongue
Confirm with . or Enter, or press ? or * to list all spells.
Aiming: Flame Tongue
Press: ? - help, Shift-Dir - straight line, f/p - hobgoblin
Aim: a hobgoblin, wielding a club (heavily wounded)
The flame tongue hits the hobgoblin.
The hobgoblin is severely wounded.
The hobgoblin hits you with a club.
You die...

#.#...### #........###.....##
#.'.<.'.####........##.......##
#.#...#.).##........#.........#
#.#######..>........#.........#
#......########..#........>...###
######.########..####............
.......##........# ##.........##.
..............##.###..........#..
.......#........@g.)............#
.......#......##.####....[.....##
..................รท.#...........#
.......##.........#...........#.#
.......##.....#...............#.#
######.##.....###.####...........
#..#.....###.# ##.....#.##.
##....##..##.## #.......##.
###..###.....# ##.########.


You could see a hobgoblin.

Vanquished Creatures
  A giant gecko (D:1)
  7 goblins (D:1)
  3 hobgoblins (D:1)
  4 jackals (D:1)
  2 kobolds (D:1)
  4 bats (D:1)
  2 giant newts (D:1)
  4 rats
27 creatures vanquished.

Notes
Turn   | Place    | Note
--------------------------------------------------------------
     0 | D:1      | dvd the Deep Elf Fire Elementalist began the quest for the Orb.
     0 | D:1      | Reached XP level 1. HP: 10/10 MP: 6/6
   332 | D:1      | Reached XP level 2. HP: 15/15 MP: 5/8
   336 | D:1      | Learned a level 2 spell: Throw Flame
   361 | D:1      | Reached skill level 4 in Fire Magic
   946 | D:2      | Reached XP level 3. HP: 16/19 MP: 6/9
   970 | D:1      | Slain by a hobgoblin

Skill      XL: |  1  2 |
---------------+-------+-----
Fire Magic     | 4 |  4.3
Dodging        | |  2.5
Stealth        | |  2.7
Spellcasting   | |  3.1
Conjurations   | |  1.2

Action                   || total
-------------------------++-------
Melee: Dagger            ||     1
 Cast: Flame Tongue      ||    39
       Throw Flame       ||     7
Armor: Robe              ||     3
Dodge: Dodged            ||    15
